 Dungeon Crawl Stone Soup version 0.30-a0-509-gd016549fea (webtiles) character file.

Game seed: 2840440521574835593

72 Jase the Grasshopper (level 4, -2/38 HPs)
             Began as an Armataur Warper on Dec 23, 2022.
             Was an Initiate of Ru.
             Slain by an orc
             ... wielding a +0 hand axe
              (7 damage)
             ... on level 4 of the Dungeon.
             The game lasted 00:06:11 (2325 turns).

Jase the Grasshopper (Armataur Warper)              Turns: 2325, Time: 00:06:11

Health: -2/38      AC:  4    Str: 16    XL:     4   Next: 7%
Magic:  6/6        EV:  9    Int: 16    God:    Ru [......]
Gold:   159        SH:  0    Dex:  9    Spells: 1/6 levels left

rFire   . . .      SeeInvis .    a - +0 flail
rCold   + . .      Faith    .    (no shield)
rNeg    . . .      Spirit   .    b - +0 leather armour
rPois   .          Reflect  .    (no helmet)
rElec   .          Harm     .    (no cloak)
rCorr   .          Roll     +    (no gloves)
Will    .....                    (no barding)
Stlth   +.........               (no amulet)
HPRegen 0.26/turn                k - ring of protection from cold
MPRegen 0.10/turn                (no ring)

@: no status effects
A: large, rugged brown scales 3, deformed body, armoured tail, roll, long
tongue, awkward tongue
a: Renounce Religion


You were on level 4 of the Dungeon.
You worshipped Ru.
Ru was noncommittal.
You visited 1 branch of the dungeon, and saw 4 of its levels.

You collected 159 gold pieces.

Inventory:

Hand Weapons
 a - a +0 flail (weapon)
Missiles
 d - 7 boomerangs of dispersal (quivered)
 e - 30 stones
Armour
 b - a +0 leather armour (worn)
Jewellery
 k - a ring of protection from cold (left hand)
 n - a ring of ice
Scrolls
 c - 2 scrolls of blinking
 f - a scroll of noise {unknown}
 g - 2 scrolls of teleportation {unknown}
 i - 2 scrolls of magic mapping {unknown}
 l - a scroll of fog {unknown}
 m - 2 scrolls of identify {unknown}
 o - a scroll of butterflies {unknown}
 r - a scroll of enchant armour {unknown}
Potions
 h - a potion of cancellation {unknown}
 j - 2 potions of heal wounds {unknown}
 p - a potion of haste {unknown}
 q - a potion of mutation {unknown}


   Skills:
 - Level 1.7 Fighting
 + Level 3.0 Maces & Flails
 - Level 0.8 Throwing
 - Level 1.2 Armour
 - Level 1.3 Dodging
 - Level 1.7 Spellcasting
 + Level 4.1 Translocations


You had one spell level left.
You knew the following spells:

 Your Spells              Type           Power      Damage    Failure   Level
a - Blink                 Tloc           28%        N/A       8%          2
b - Teleport Other        Tloc           14%        N/A       14%         3

Your spell library contained the following spells:

 Spells                   Type           Power      Damage    Failure   Level
 Apportation              Tloc           28%        N/A       4%          1
 Shock                    Conj/Air       4%         1d3       26%         1
 Lesser Beckoning         Tloc           28%        N/A       14%         3
 Vhi's Electric Charge    Tloc/Air       16%        N/A       32%         3
 Manifold Assault         Tloc           14%        N/A       43%         4
 Swiftness                Air            1%         N/A       61%         3
 Airstrike                Air            0%         2d(1-17)  95%         4
 Alistair's Intoxication  Tmut/Pois      0%         N/A       100%        5


Dungeon Overview and Level Annotations

Branches:
Dungeon (4/15)
 Temple: D:4-7

Altars:
Gozag
Ru
Wu Jian

Shops:
D:1 =


Innate Abilities, Weirdness & Mutations

You are completely covered in rugged brown scales. (AC +3, +7% HP)
Armour fits poorly on your strangely shaped body.
You have a long armoured tail.
You roll when moving toward enemies. (Rampage)
Your long tongue fully drains potion bottles. (2x potion effects)
Your tongue gives you trouble enunciating. (1.5x scroll delay)


Message History

The adder barely misses you.
You miss the adder.
Your tail-slap misses the adder.
You feel sick. The adder bites you.
You are more poisoned.
The adder poisons you!
You closely miss the adder.
Your tail-slap misses the adder.
You feel sick. The adder bites you but does no damage.
The adder closely misses you.
You closely miss the adder.
You feel sick. The adder bites you.
You are too injured to fight recklessly!
You are too injured to fight recklessly!
You are too injured to fight recklessly!
You are too injured to fight recklessly!
You are too injured to fight recklessly!
You are too injured to fight recklessly!
You barely miss the adder.
You feel sick. The adder bites you. x2
* * * LOW HITPOINT WARNING * * *
You are more poisoned.
The adder poisons you!
You sock the adder! You tail-slap the adder.
You kill the adder!
You feel sick.
You have reached level 4!
You feel clever.
You barely miss the orc.
You feel sick. The orc closely misses you. The orc barely misses you.
You hit the orc.
The orc is heavily wounded.
You feel sick. The orc barely misses you.
You completely miss the orc. Your punch misses the orc.
The orc is heavily wounded.
You feel sick. The orc barely misses you.
You barely miss the orc.
The orc is heavily wounded.
You feel sick. The orc completely misses you.
You barely miss the orc.
The orc is heavily wounded.
You feel sick.
You are no longer poisoned.
The orc hits you with a +0 hand axe!
You die...

#....#.#
#......#####
#...<.......
#.###......#####
........##.#
..###...##.#
#..†...#
###.#### #@# #o#
#......#
#..###.# #..#
#..# ...# ....
....


You could see an orc.

Vanquished Creatures
  2 adders
  An orc (D:3)
  2 ball pythons (D:1)
  4 bats
  3 endoplasms
  A giant cockroach (D:2)
  8 goblins
  7 hobgoblins
  3 quokkas
  5 frilled lizards
  5 kobolds
  9 rats
50 creatures vanquished.

Notes
Turn   | Place    | Note
-------+----------+-------------------------------------------
     0 | D:1      | Jase the Armataur Warper began the quest for the Orb.
     0 | D:1      | Reached XP level 1. HP: 18/18 MP: 3/3
    84 | D:1      | Reached XP level 2. HP: 25/25 MP: 4/4
   258 | D:1      | Found Vub Tobea's Jewellery Boutique.
   274 | D:1      | Learned a level 2 spell: Blink
   646 | D:2      | Reached XP level 3. HP: 14/31 MP: 5/5
  1523 | D:3      | Found an opulent altar of Gozag.
  1603 | D:3      | Reached skill level 4 in Translocations
  1607 | D:3      | Learned a level 3 spell: Teleport Other
  1663 | D:3      | Found a sacrificial altar of Ru.
  1740 | D:3      | Became a worshipper of Ru the Awakened
  2080 | D:3      | Found an ornate altar of the Wu Jian Council.
  2321 | D:4      | Reached XP level 4. HP: 9/38 MP: 6/6
  2325 | D:4      | Slain by an orc

Illustrated notes

Levels and vault maps discovered:
D:1:      minmay_arrival_hallway, layout_basic, serial_shops,
          nicolae_shop_competitors_out_of_business, st_stairs_13
D:2:      layout_loops_ring, grunt_decor_one_mirror
D:3:      layout_loops_ring, nzn_wu_jian_council_hall,
          mainiacjoe_overflow_tiny_flanked, mainiacjoe_overflow_cross_hatched,
          st_stairs_3
D:4:      layout_loops_corners, uniq_crazy_yiuf_cottage

Skill      XL: |  1  2  3 |
---------------+----------+-----
Maces & Flails | 2 3 |  3.0
Translocations | 4 |  4.1
Fighting       | |  1.7
Throwing       | |  0.8
Armour         | |  1.2
Dodging        | |  1.3
Spellcasting   | |  1.7

Action                   |  1- 3 |  4- 6 || total
-------------------------+-------+-------++-------
Melee: Mace              |   130 |       ||   130
       Tailslap          |    19 |       ||    19
       Flail             |    19 |     5 ||    24
       Punch             |     1 |       ||     1
Armor: Leather armour    |    55 |       ||    55
Dodge: Dodged            |    71 |     5 ||    76

Table legend: (Time is in decaauts)
 A = Elapsed time spent in this place.
 B = Non-inter-level travel time spent in this place.
 C = Inter-level travel time spent in this place.
 D = Time resting spent in this place.
 E = Time spent auto-exploring this place.
 F = Levels seen in this place.
 G = Mean time per level.
                   A        B        C        D        E       F      G
               +--------+--------+--------+--------+--------+-----+--------+
         Total |   2364 |   2225 |    139 |    114 |   1741 |   4 |  591.0 |
       Dungeon |   2364 |   2225 |    139 |    114 |   1741 |   4 |  591.0 |
               +--------+--------+--------+--------+--------+-----+--------+

Top non-repeatable levels by time:
     D:2: 866 daAuts
     D:3: 847 daAuts
     D:1: 586 daAuts
     D:4: 64 daAuts
